 Dungeon Crawl Stone Soup version 0.19-a0-49-gb8736b8 (webtiles) character file.

509 M4edhros the Ruffian (level 6, -6/59 HPs)
             Began as a Troll Monk on May 6, 2016.
             Was a Believer of Qazlal.
             Mangled by an ogre
             ... wielding a +0 giant club
              (25 damage)
             ... on level 8 of the Dungeon.
             The game lasted 00:08:17 (995 turns).

M4edhros the Ruffian (Troll Monk)                    Turns: 995, Time: 00:08:18

Health: -6/59      AC:  5    Str: 25    XL:     6   Next: 98%
Magic:  4/7        EV: 10    Int:  8    God:    Qazlal [**....]
Gold:   8          SH:  3    Dex: 12    Spells: 0 memorised, 5 levels left

rFire  + . .     SeeInvis .       - Unarmed
rCold  . . .     Gourm    +     a - +0 robe
rNeg   . . .     Faith    .     (no shield)
rPois  .         Spirit   .     (helmet restricted)
rElec  .         Dismiss  .     (no cloak)
rCorr  .         Reflect  .     (gloves unavailable)
SustAt .         Harm     .     (boots unavailable)
MR     .....                    r - amulet of magic regeneration
Stlth  +.........               (no ring)
                                e - ring of protection from fire

@: mighty, not resistant to hostile enchantments, very unstealthy
A: unfitting armour, claws 3, fast metabolism 3, gourmand, regeneration 2,
shaggy fur 1, tough skin 2
a: Upheaval, Renounce Religion


You were on level 8 of the Dungeon.
You worshipped Qazlal.
Qazlal was pleased with you.
You were full.

You visited 1 branch of the dungeon, and saw 6 of its levels.

You collected 123 gold pieces.
You spent 115 gold pieces at shops.

Inventory:

Missiles
 g - 5 javelins (quivered)
 m - 2 needles of sleeping
Armour
 a - a +0 robe (worn)
Jewellery
 e - a ring of protection from fire (left claw)
 r - an amulet of magic regeneration (around neck)
Scrolls
 c - 4 scrolls of recharging {unknown}
 d - 3 scrolls of fog {unknown}
 h - a scroll of immolation {unknown}
 j - a scroll of amnesia {unknown}
 n - 2 scrolls of identify {unknown}
 p - 2 scrolls of remove curse {unknown}
 q - a scroll of blinking {unknown}
Potions
 f - a potion of curing
 k - a potion of might
 o - 2 potions of haste {unknown}
Comestibles
 b - 5 bread rations
 i - a meat ration
 l - a royal jelly


   Skills:
 - Level 2.4 Fighting
 - Level 2.4 Dodging
 - Level 1.1 Stealth
 + Level 7.1 Unarmed Combat
 + Level 3.8 Invocations


You had 5 spell levels left.
You didn't know any spells.

Dungeon Overview and Level Annotations

Branches:
Dungeon (8/15)
 Temple: D:4-7         Lair: D:8-11

Altars:
Ashenzari
Qazlal
Xom

Shops:
D:7 *


Innate Abilities, Weirdness & Mutations

You are too large for most types of armour.
You have claws for hands.
Your metabolism is lightning-fast.
You like to eat raw meat.
You heal very quickly.
You are covered in fur (AC +1).
You have very tough skin (AC +2).


Message History

Aiming: Upheaval
Press: ? - help, Dir - move target cursor Magma suddenly erupts from the ground!
The blast of magma engulfs the gnoll.
The gnoll is severely wounded.
The gnoll shaman barely misses you. The ogre hits you with a giant club!!
You block the gnoll's attack.
A worker ant comes into view.
The gnoll shaman closely misses you.
You don't have enough magic at the moment.
Drink which item? (? for menu, Esc to quit)
It was a potion of curing.
You feel better. You block the gnoll's attack.
The gnoll shaman hits you with a whip!
An orc priest comes into view.
You don't have enough magic at the moment.
Drink which item? (? for menu, Esc to quit)
It was a potion of might.
You feel very mighty all of a sudden. The gnoll barely misses you.
The ogre hits you with a giant club!!
You die...

..######.#######..#
................z.#
..######.#######o##
### #s# ...#S# #.#
##.#s# #.# #...z#
.# #..#g# ##.##o#O#
..$..ag@# ##.##g###
... ..#. ## #. #


You could see an ogre, a gnoll shaman, a scorpion, a worker ant, 2 wights, 2 orc
priests, 2 gnolls and an adder.

Vanquished Creatures
  A hippogriff (D:7)
  An ice beast (D:7)
  5 wights
  A hound skeleton (D:7)
  5 adders (D:2)
  3 dart slugs
  A giant cockroach (D:1)
  4 goblins
  6 hobgoblins
  3 jackals (D:3)
  A bat (D:1)
  A giant newt (D:2)
  A kobold (D:2)
  A rat (D:1)
34 creatures vanquished.

Notes
Turn   | Place    | Note
--------------------------------------------------------------
     0 | D:1      | M4edhros the Troll Monk began the quest for the Orb.
     0 | D:1      | Reached XP level 1. HP: 22/22 MP: 0/0
    90 | D:2      | Reached XP level 2. HP: 20/29 MP: 1/1
   123 | D:2      | Reached skill level 5 in Unarmed Combat
   123 | D:2      | Reached XP level 3. HP: 24/36 MP: 2/2
   160 | D:2      | Found a shimmering altar of Xom.
   227 | D:2      | Found a stormy altar of Qazlal.
   240 | D:2      | Became a worshipper of Qazlal Stormbringer
   240 | D:2      | Reached * piety under Qazlal
   240 | D:2      | Reached ** piety under Qazlal
   437 | D:3      | Reached XP level 4. HP: 44/44 MP: 3/3
   483 | D:3      | You fall through a shaft for 3 floors!
   502 | D:6      | Found a shattered altar of Ashenzari.
   610 | D:7      | Found Seibekan's Assorted Antiques.
   735 | D:8      | Noticed an ogre
   743 | D:7      | Reached skill level 1 in Invocations
   779 | D:6      | Reached skill level 6 in Unarmed Combat
   779 | D:6      | Reached XP level 5. HP: 50/50 MP: 5/5
   847 | D:7      | Noticed a hippogriff
   880 | D:7      | Killed a hippogriff
   880 | D:7      | Reached XP level 6. HP: 30/59 MP: 7/7
   907 | D:7      | Noticed an ice beast
   918 | D:7      | Killed an ice beast
   918 | D:7      | Reached skill level 7 in Unarmed Combat
   950 | D:7      | Bought a large steel amulet for 115 gold pieces
   995 | D:8      | Mangled by an ogre

Vault maps used:
D:1:      onia_arrival_mini_spirals, serial_park_tiny_1
D:2:      xom_teletrap_fun, old_standard_altar, grunt_temple_overflow_diamond,
          first_bread
D:6:      kennysheep_mini, old_standard_altar
D:7:      zin_treasury, serial_shops, nicolae_shop_overgrown_old_shop,
          uniq_crazy_yiuf_cottage, uniq_pikel
D:8:      minmay_opposing_rooms, minitemple, lemuel_blue_sif_altar,
          grunt_ogre_cave, uniq_erolcha

Skill      XL: |  1  2  3  4  5  6 |
---------------+-------------------+-----
Unarmed Combat | 5 6 7 |  7.1
Invocations    | 2 3 |  3.8
Fighting       | |  2.4
Dodging        | |  2.4
Stealth        | |  1.1

Action                   |  1- 3 |  4- 6 || total
-------------------------+-------+-------++-------
Melee: Unarmed           |    72 |    37 ||   109
       Punch             |     1 |       ||     1
Invok: Upheaval          |       |     1 ||     1
  Use: Potion            |       |     2 ||     2
  Eat: Chunk             |     9 |     3 ||    12
Armor: Robe              |    29 |     4 ||    33
Dodge: Dodged            |    40 |    22 ||    62
Block: Other             |     1 |     3 ||     4
